 Dungeon Crawl Stone Soup version 0.28-a0-793-g31680bbd8b (webtiles) character file.

Game seed: 3271768719790635872

69010 kae the Brawler (level 14, -4/147 (154) HPs)
             Began as a Purple Draconian Transmuter on Nov 3, 2021.
             Was a Priest of Ru.
             Slain by an ice dragon (8 damage)
             ... in an ice cave.
             The game lasted 00:23:26 (33122 turns).

kae the Brawler (Purple Draconian Transmuter)      Turns: 33122, Time: 00:23:26

HP:   -4/147 (154)  AC: 14    Str: 13    XL:     14   Next: 88%
MP:   40/40         EV: 10    Int: 18    God:    Ru [***...]
Gold: 1267          SH:  0    Dex: 12    Spells: 24/39 levels left

rFire   x . .      SeeInvis .     - Unarmed
rCold   + + +      Faith    .   (shield currently unavailable)
rNeg    . . .      Spirit   .   (armour unavailable)
rPois   +          Reflect  .   (helmet currently unavailable)
rElec   .          Harm     .   (cloak currently unavailable)
rCorr   .          Rampage  .   (gloves currently unavailable)
Will    ++...                   (boots currently unavailable)
Stlth   ..........              (no amulet)
HPRegen 0.34/turn               e - +4 ring of protection
MPRegen 0.27/turn               f - ring of magical power

@: mighty, exhausted, ice-form, lightly drained, unable to read
A: freezing attack, amphibious, boosted hp, (breathe power), AC +8, large,
unfitting armour, (cold-blooded), inability to read while threatened, no
stealth, hated by all
a: End Transformation, Renounce Religion, Draw Out Power


You were in an ice cave.
You worshipped Ru.
Ru was most pleased with you.
You were a creature of crystalline ice.
You visited 3 branches of the dungeon, and saw 21 of its levels.
You also visited: Sewer, Ossuary and Ice Cave.

You collected 1267 gold pieces.

Inventory:

Missiles
 B - a throwing net
Jewellery
 c - a ring of wizardry
 e - a +4 ring of protection (left front paw)
 f - a ring of magical power (right front paw)
 z - a ring of poison resistance
 F - a ring of protection from cold
 H - a +4 ring of evasion
 I - a +6 ring of strength
 J - a ring of ice
Wands
 q - a wand of iceblast (11)
 w - a wand of polymorph (19)
 G - a wand of acid (31)
Scrolls
 a - 3 scrolls of fog
 d - 11 scrolls of teleportation
 i - 6 scrolls of fear
 j - a scroll of blinking
 n - a scroll of vulnerability
 p - 2 scrolls of amnesia
 v - a scroll of brand weapon
 y - 5 scrolls of magic mapping
 C - 16 scrolls of identify
Potions
 b - 4 potions of resistance
 g - 4 potions of haste
 h - 3 potions of heal wounds
 k - 4 potions of mutation
 l - 2 potions of magic
 m - 2 potions of invisibility
 o - 3 potions of brilliance
 r - 7 potions of curing
 s - a potion of might
 t - 7 potions of lignification
 u - 4 potions of flight
 A - 2 potions of ambrosia
 E - 2 potions of berserk rage
 K - 3 potions of attraction
 L - a potion of cancellation
Miscellaneous
 x - a phantom mirror
 D - a condenser vane


   Skills:
 - Level 13.0 Fighting
 - Level 1.7 Dodging
 - Level 17.0 Unarmed Combat
 - Level 13.1 Spellcasting
 + Level 12.3 Transmutations
 - Level 5.0 Ice Magic
 - Level 2.0 Poison Magic


You had 24 spell levels left.
You knew the following spells:

 Your Spells              Type           Power      Damage    Failure   Level
a - Beastly Appendage     Tmut           100%       N/A       1%          1
b - Spider Form           Tmut/Pois      37%        N/A       1%          3
c - Ice Form              Ice/Tmut       42%        N/A       1%          4
d - Storm Form            Tmut/Air       16%        N/A       98%         7

Your spell library contained the following spells:

 Spells                   Type           Power      Damage    Failure   Level
 Wereblood                Tmut           54%        N/A       1%          2
 Slow                     Hex            44%        N/A       6%          1
 Blink                    Tloc           22%        N/A       9%          2
 Alistair's Intoxication  Tmut/Pois      24%        N/A       9%          5
 Yara's Violent Unravell  Hex/Tmut       16%        3d8       13%         5
 Confusing Touch          Hex            11%        N/A       17%         3
 Gell's Gravitas          Tloc           11%        N/A       17%         3
 Lesser Beckoning         Tloc           11%        N/A       17%         3
 Portal Projectile        Hex/Tloc       22%        N/A       17%         3
 Teleport Other           Tloc           11%        N/A       17%         3
 Vampiric Draining        Necr           11%        2d6       17%         3
 Eringya's Noxious Bog    Tmut/Pois      18%        N/A       43%         6
 Flame Wave               Conj/Fire      11%        3d4       50%         4
 Leda's Liquefaction      Hex/Erth       5%         N/A       50%         4
 Borgnjor's Vile Clutch   Necr/Erth      5%         N/A       85%         5
 Manifold Assault         Tloc           11%        N/A       85%         5
 Borgnjor's Revivificati  Necr           5%         N/A       100%        8
 Necromutation            Tmut/Necr      16%        N/A       100%        8
 Death's Door             Necr           5%         N/A       100%        9
 Call Canine Familiar     Summ           Unusable   N/A       N/A         3
 Summon Hydra             Summ           Unusable   N/A       N/A         7

Dungeon Overview and Level Annotations

Branches:
Dungeon (14/15)            Temple (1/1) D:4            Lair (6/6) D:10
  Swamp (0/4) Lair:3       Spider (0/4) Lair:2        Slime (0/5) Lair:5
    Orc (0/2) D:11         Vaults (0/5) D:14          Sewer (visited)
Ossuary (visited)           IceCv (1/1)

Altars:
Ashenzari
Cheibriados
Dithmenos
Elyvilon
Fedhas
Gozag
Hepliaklqana
Kikubaaqudgha
Makhleb
Nemelex Xobeh
Okawaru
Qazlal
Ru
Sif Muna
Trog
Uskayaw
Vehumet
Wu Jian
Xom
Yredelemnul
Zin
The Shining One
Jiyva

Shops:
D:9 !*

Portals:
Gauntlet: D:14


Innate Abilities, Weirdness & Mutations

You are a creature of crystalline ice.
You have a powerful freezing melee attack.
You are amphibious.
Your maximum health is increased.
Your armour is entirely melded.
You are incapable of wielding weapons or throwing items.
((You can breathe bolts of dispelling energy.))
((Your rich purple scales are hard. (AC +8)))
You cannot fit into any form of body armour.
((You are cold-blooded and may be slowed by cold attacks.))
You sometimes lose the ability to read scrolls when taking damage.
You cannot be stealthy.
You are hated by all.


Message History

The polar bear is heavily wounded.
The polar bear closely misses you. x2
The polar bear claws you but does no damage.
You redirect the polar bear's attack!
The polar bear closely misses you.
The polar bear claws you but does no damage. x2
You pummel the polar bear!! You freeze the polar bear.
You kill the polar bear!
The polar bear bites you but does no damage.
The polar bear claws you but does no damage. x2
Okay, then.
You hit the ice dragon but do no damage.
You punch the ice dragon!
The ice dragon is lightly wounded.
The polar bear is stunned by your conviction and fails to attack.
The ice dragon bites you!
* * * LOW HITPOINT WARNING * * *
The ice dragon claws you but does no damage.
The ice dragon barely misses you.
You barely miss the ice dragon.
The ice dragon is lightly wounded.
The polar bear bites you!
* * * LOW HITPOINT WARNING * * *
The polar bear claws you.
* * * LOW HITPOINT WARNING * * *
The polar bear completely misses you.
You pummel the ice dragon!!
The ice dragon is moderately wounded.
The ice dragon breathes frost at you. The blast of cold hits you. You resist.
* * * LOW HITPOINT WARNING * * *
You hit the ice dragon but do no damage.
The ice dragon is moderately wounded.
The polar bear bites you.
* * * LOW HITPOINT WARNING * * *
You focus your inner power and illuminate the polar bear in retribution!
The polar bear claws you but does no damage.
The polar bear barely misses you. The ice dragon closely misses you.
The ice dragon claws you!
You die...

... ... .... .....
#### .....#
######..## ..#...###
##..##....##
#......###..........#
#.....hD#.......∩.∩.#
#....##Y...##..†....#
#.... ##..#####†...##
#... #### ##..## #..
#### #. .


You could see an ice dragon (catching breath) and a polar bear (corona).

Vanquished Creatures
  Erica (D:10)
  6 hydras
  An ice dragon (IceCv)
  A two-headed ogre (D:10)
  5 centaur warriors
  A catoblepas (Lair:6)
  An ironbound frostheart (IceCv)
  2 dancing weapons (D:14)
  3 boulder beetles
  A deep troll shaman (Lair:6)
  11 death yaks
  Urug (D:13)
  A skeletal warrior (D:11)
  2 bog bodies (Lair:3)
  A deep elf pyromancer (D:12)
  8 ugly things
  A cyclops (D:13)
  2 manticores (D:13)
  14 elephants
  6 black mambas
  A torpor snail (Lair:2)
  2 gargoyles
  2 unseen horrors (D:11)
  9 cane toads
  5 rime drakes
  7 komodo dragons
  5 trolls
  5 polar bears
  22 blink frogs
  7 dream sheep (Lair:5)
  A shadow (D:10)
  2 redbacks (Lair:2)
  3 basilisks
  3 wyverns
  2 wraiths
  54 yaks
  4 steam dragons
  15 vampire mosquitoes
  3 acid dragons
  13 water moccasins
  4 black bears
  3 ice beasts
  5 orc warriors
  A boggart (D:11)
  3 ogres
  10 wolves
  14 centaurs
  3 kobold brigands
  3 elf zombies (Ossuary)
  A gnoll sergeant (D:8)
  15 bullfrogs
  A scorpion (D:5)
  2 water moccasin zombies (D:5)
  15 killer bees
  17 wights
  4 howler monkeys
  A vampire bat (D:12)
  6 electric eels
  5 centaur zombies
  A hound (D:5)
  2 bullfrog zombies (D:7)
  2 jellies (D:5)
  6 human zombies (Ossuary)
  5 orc priests
  2 centaur skeletons
  4 iguanas
  11 orc wizards
  3 killer bee zombies
  4 mummies
  2 howler monkey zombies (D:9)
  12 gnolls
  7 adders
  A white imp (D:5)
  4 adder zombies (Ossuary)
  2 worms (D:3)
  2 dart slugs
  40 orcs
  7 ball pythons
  12 bats
  7 endoplasms
  5 giant cockroaches
  A gnoll zombie (Ossuary)
  8 goblins
  7 hobgoblins
  3 jackals (D:2)
  22 kobolds
  4 quokkas
  4 frilled lizards
  3 goblin zombies (Ossuary)
  6 hobgoblin zombies (Ossuary)
  5 kobold zombies (Ossuary)
  An orc zombie (Ossuary)
  2 quokka zombies (Ossuary)
  8 rats
  4 rat zombies (Ossuary)
566 creatures vanquished.

Vanquished Creatures (others)
  A cane toad (Lair:6)
  A yak (Lair:1)
  A bullfrog (Lair:3)
  29 fungi
  57 plants
89 creatures vanquished.

Grand Total: 655 creatures vanquished

Notes
Turn   | Place    | Note
-------+----------+-------------------------------------------
     0 | D:1      | kae the Draconian Transmuter began the quest for the Orb.
     0 | D:1      | Reached XP level 1. HP: 16/16 MP: 3/3
   414 | D:1      | Reached XP level 2. HP: 19/23 MP: 5/5
  1320 | D:2      | Reached XP level 3. HP: 20/29 MP: 6/6
  1995 | D:2      | Learned a level 3 spell: Spider Form
  2961 | D:3      | Reached XP level 4. HP: 33/36 MP: 7/7
  3094 | D:3      | Found a glowing drain.
  3118 | D:3      | Reached skill level 1 in Poison Magic
  3123 | D:3      | Reached skill level 4 in Unarmed Combat
  3128 | Sewer    | Entered a sewer
  3544 | Sewer    | Noticed a kobold brigand
  3555 | Sewer    | Killed a kobold brigand
  3556 | Sewer    | Reached XP level 5. HP: 21/42 MP: 9/9
  4455 | D:3      | Found a faded altar of an unknown god.
  4659 | D:4      | Reached XP level 6. HP: 38/50 MP: 10/10
  4961 | D:4      | Reached skill level 5 in Unarmed Combat
  5190 | D:4      | Found a staircase to the Ecumenical Temple.
  5203 | Temple   | Entered the Ecumenical Temple
  5233 | Temple   | Reached skill level 9 in Unarmed Combat
  5233 | Temple   | Your scales start taking on a rich purple colour.
  5233 | Temple   | Reached XP level 7. HP: 32/64 MP: 17/17
  5475 | Temple   | Became a worshipper of Ru the Awakened
  5638 | D:5      | Entered Level 5 of the Dungeon
  5728 | D:5      | Found a white marble altar of Elyvilon.
  5809 | D:5      | Reached XP level 8. HP: 63/71 MP: 18/18
  5847 | D:5      | Found a sand-covered staircase.
  5859 | Ossuary  | Entered an ossuary
  5965 | Ossuary  | Learned a level 4 spell: Ice Form
  6227 | Ossuary  | Reached skill level 1 in Ice Magic
  6940 | D:5      | Reached XP level 9. HP: 77/77 MP: 20/20
  6995 | D:6      | Gained mutation: You cannot be stealthy. [Ru sacrifice]
  7004 | D:6      | Reached skill level 10 in Unarmed Combat
  8904 | D:7      | Found a sparkling altar of Nemelex Xobeh.
  9313 | D:8      | Reached XP level 10. HP: 80/80 MP: 22/22
  9407 | D:8      | Noticed a gargoyle
  9416 | D:8      | Killed a gargoyle
 10217 | D:8      | Found a broken altar of Ashenzari.
 10273 | D:8      | Found a hide-covered altar of Uskayaw.
 10575 | D:8      | Found a blossoming altar of Fedhas.
 10602 | D:8      | Found a stormy altar of Qazlal.
 10674 | D:8      | Found an ornate altar of the Wu Jian Council.
 10676 | D:8      | Found a burning altar of Makhleb.
 10945 | D:9      | Found Gozag's Platinum Reserve.
 10947 | D:9      | Found an opulent altar of Gozag.
 11224 | D:9      | Noticed a six-headed hydra
 11500 | D:9      | Reached skill level 11 in Unarmed Combat
 11500 | D:9      | Reached skill level 5 in Ice Magic
 11733 | D:9      | Killed a six-headed hydra
 12101 | D:9      | Found Ubbuq's Distillery.
 12206 | D:9      | Reached XP level 11. HP: 95/95 MP: 23/23
 12491 | D:10     | Entered Level 10 of the Dungeon
 12514 | D:10     | Found a shimmering blue altar of Sif Muna.
 12748 | D:10     | Found a shadowy altar of Dithmenos.
 13132 | D:10     | Found a staircase to the Lair.
 13470 | D:10     | Found an ancient bone altar of Kikubaaqudgha.
 13504 | D:10     | Noticed Erica
 13517 | D:10     | Killed Erica
 13628 | D:10     | Noticed a two-headed ogre
 13636 | D:10     | Killed a two-headed ogre
 14134 | D:11     | Found a staircase to the Orcish Mines.
 14209 | D:11     | Noticed a centaur warrior
 14220 | D:11     | Killed a centaur warrior
 14221 | D:11     | Reached skill level 12 in Unarmed Combat
 14805 | D:11     | Noticed a cyan ugly thing
 14814 | D:11     | Killed a cyan ugly thing
 15188 | D:11     | Noticed a seven-headed hydra
 15193 | D:11     | Killed a seven-headed hydra
 16026 | D:11     | Noticed a skeletal warrior
 16035 | D:11     | Killed a skeletal warrior
 16236 | D:11     | Reached skill level 10 in Spellcasting
 16236 | D:11     | Reached XP level 12. HP: 106/106 MP: 26/26
 16266 | D:11     | Got Niparaum's Handbook of Creative Shape Shifting
 16476 | D:11     | Got the Grimoire of Ignition and Shape Shifting
 16567 | Lair:1   | Entered Level 1 of the Lair of Beasts
 16988 | Lair:1   | Reached skill level 13 in Unarmed Combat
 16988 | Lair:1   | Gained mutation: You sometimes lose the ability to read
                  | scrolls when taking damage. [Ru sacrifice]
 16988 | Lair:1   | Reached * piety under Ru
 16988 | Lair:1   | Reached ** piety under Ru
 17420 | Lair:1   | Reached skill level 10 in Fighting
 18314 | Lair:1   | Identified the +1 robe of the Heavens {Will+++ rCorr Int-4
                  | Dex-4}
 19388 | Lair:2   | Found a hole to the Spider Nest.
 19778 | Lair:2   | Identified the +9 great sword "Vodd" {vorpal, Dex+2}
 20223 | Lair:3   | Reached skill level 10 in Transmutations
 20373 | Lair:3   | Noticed a boulder beetle
 20382 | Lair:3   | Killed a boulder beetle
 20383 | Lair:3   | Reached skill level 14 in Unarmed Combat
 20789 | Lair:3   | Found a staircase to the Swamp.
 20791 | Lair:3   | Gained mutation: You are hated by all. [Ru sacrifice]
 20791 | Lair:3   | Reached *** piety under Ru
 21527 | Lair:3   | Noticed a death yak
 21527 | Lair:3   | Noticed a death yak
 21527 | Lair:3   | Noticed a death yak
 21527 | Lair:3   | Noticed a death yak
 21528 | Lair:3   | Noticed a death yak
 21528 | Lair:3   | Noticed a death yak
 21908 | Lair:4   | Reached XP level 13. HP: 115/115 MP: 28/28
 24344 | Lair:5   | Reached skill level 15 in Unarmed Combat
 25241 | Lair:5   | Found a staircase to the Slime Pits.
 26129 | Lair:6   | Entered Level 6 of the Lair of Beasts
 27042 | Lair:6   | Reached XP level 14. HP: 126/126 MP: 30/30
 28200 | Lair:6   | Reached skill level 16 in Unarmed Combat
 29029 | Lair:6   | Identified the +0 plate armour of the Volcano {rElec}
 31321 | D:13     | Noticed Urug
 31333 | D:13     | Killed Urug
 32958 | D:13     | Learned a level 7 spell: Storm Form
 32997 | D:14     | Found a gate to the Vaults.
 33010 | D:14     | Found a gate leading to a gauntlet.
 33054 | D:14     | Found a frozen archway.
 33060 | IceCv    | Entered an ice cave
 33115 | IceCv    | Reached skill level 17 in Unarmed Combat
 33122 | IceCv    | HP: 4/147 [polar bear (4)]
 33122 | IceCv    | Slain by an ice dragon

Illustrated notes

Levels and vault maps discovered:
D:1:      eino_arrival_water_cross, layout_basic
D:2:      cheibrodos_pilgrimage, layout_loops_corners, palyth_stone_intersect,
          nicolae_underground_beach
D:3:      layout_loops_cross, portal_sewer_entry_a,
          shapermc_ecumenical_altar_starsandcircs
D:4:      layout_gridville, minmay_temple_entry_ruins, minmay_cupped
D:5:      layout_cave_pools, amcnicky_altar_gilded, gup_ossuary_entry_pyramid
D:6:      layout_rooms
D:7:      layout_basic, nemelex_spade_bored_becter
D:8:      kennysheep_six_static_rooms, layout_loops_ring,
          grunt_temple_overflow_forces_of_nature, nicolae_uskayaw_dance_studio,
          ashenzari_altar_1, nicolae_overflow_hidden_temple
D:9:      layout_roguey, nicolae_gozag_zags_fifth_avenue, serial_shops,
          shop_statue, kennysheep_nub, chequers_serial_rivers_large_a,
          kennysheep_island_fort
D:10:     layout_loops_ring, grunt_dithmenos_shadows,
          nicolae_kikubaaqudgha_miasma_corner,
          mainiacjoe_overflow_six_doors_small, david_lair_shrubbed, uniq_erica
D:11:     minmay_tri_box, layout_basic, orc_0_dummy, kennysheep_generic_room_10
D:12:     layout_irregular_city, nicolae_sextant, roderic_batcave,
          fedhas_bush_and_centaur_altar
D:13:     layout_cave_pools, nicolae_twisting_strands, uniq_urug
D:14:     layout_basic, erik_vaults_1, minmay_door_square,
          gauntlet_entry_generic, serial_shops, nicolae_shop_statue_plus,
          portal_ice_cave_entry_pillars_2
Temple:   compressed_dpeg_circular_temple
Lair:1:   layout_chaotic_city
Lair:2:   layout_regular_city, spider_nest_entry_funnel_web, serial_rivers,
          chequers_serial_rivers_micro_d, chequers_serial_rivers_small_3,
          chequers_serial_rivers_small_a, chequers_serial_rivers_micro_a,
          chequers_serial_rivers_small_a, serial_bayou_shore_b
Lair:3:   layout_cave_pods, skrybe_swamp_entry_bodies, grunt_megastairs_5
Lair:4:   layout_cave_pods, infiniplex_staircase_pool_2
Lair:5:   layout_cave_pods, dpeg_slime_entry_enclosed_altar,
          eino_small_chamber_without_monster, serial_bayou_shore_a,
          grunt_megastairs_1, serial_bayou_shore_b
Lair:6:   grunt_lair_end_beastmaster, layout_cave_pods, lemuel_fruit_tree
IceCv:    ice_cave_small_giant

Skill      XL: |  1  2  3  4  5  6  7  8  9 10 11 12 13 14 |
---------------+-------------------------------------------+-----
Fighting       | 2 6 7 8 9 10 12 13 | 13.0
Poison Magic   | 1 2 |  2.0
Unarmed Combat | 4 9 10 11 12 14 15 17 | 17.0
Transmutations | 3 6 7 8 9 10 11 12 | 12.3
Spellcasting   | 7 8 10 11 12 13 | 13.1
Ice Magic      | 1 3 5 |  5.0
Dodging        | |  1.7

Action                   |  1- 3 |  4- 6 |  7- 9 | 10-12 | 13-15 || total
-------------------------+-------+-------+-------+-------+-------++-------
Melee: Unarmed           |    98 |   189 |   316 |   581 |   613 ||  1797
       Tailslap          |     8 |    15 |    12 |     3 |       ||    38
       Headbutt          |    11 |     7 |    18 |       |       ||    36
       Kick              |    11 |    17 |    24 |       |       ||    52
       Punch             |     1 |       |     5 |       |     1 ||     7
 Cast: Beastly Appendage |    28 |    24 |     8 |       |       ||    60
       Spider Form       |       |    13 |     6 |       |       ||    19
       Ice Form          |       |       |    25 |    74 |    55 ||   154
Invok: Sacrifice Stealth |       |       |     1 |       |       ||     1
       Sacrifice Words   |       |       |       |     1 |       ||     1
       Sacrifice Love    |       |       |       |     1 |       ||     1
       Draw Out Power    |       |       |       |       |     5 ||     5
       Reject Sacrifices |       |       |       |       |     2 ||     2
Evoke: Condenser vane    |       |       |       |     1 |     1 ||     2
       Wand              |       |       |       |       |     3 ||     3
  Use: Scroll            |     7 |     1 |     5 |    12 |     3 ||    28
       Potion            |       |     3 |       |       |     2 ||     5
 Stab: Distracted        |       |       |       |     1 |       ||     1
       Invisible         |       |       |       |       |     4 ||     4
Armor: Skin              |    30 |    54 |    99 |   293 |   339 ||   815
Dodge: Dodged            |    56 |   154 |   180 |   306 |   343 ||  1039

Table legend: (Time is in decaauts)
 A = Elapsed time spent in this place.
 B = Non-inter-level travel time spent in this place.
 C = Inter-level travel time spent in this place.
 D = Time resting spent in this place.
 E = Time spent auto-exploring this place.
 F = Levels seen in this place.
 G = Mean time per level.
                   A        B        C        D        E       F      G
               +--------+--------+--------+--------+--------+-----+--------+
         Total |  32810 |  31513 |   1297 |   1655 |  25947 |  24 | 1367.1 |
       Dungeon |  19421 |  18616 |    805 |   1083 |  15224 |  14 | 1387.2 |
        Temple |    280 |    242 |     38 |      0 |    204 |   1 |  280.0 |
          Lair |  11962 |  11508 |    454 |    572 |   9721 |   6 | 1993.7 |
         Sewer |    625 |    625 |      0 |      0 |    485 |   1 |  625.0 |
       Ossuary |    471 |    471 |      0 |      0 |    312 |   1 |  471.0 |
      Ice Cave |     50 |     50 |      0 |      0 |      0 |   1 |   50.0 |
               +--------+--------+--------+--------+--------+-----+--------+

Top non-repeatable levels by time:
  Lair:5: 3295 daAuts
    D:11: 2443 daAuts
    D:12: 2248 daAuts
    D:10: 2215 daAuts
  Lair:6: 2029 daAuts
  Lair:4: 1925 daAuts
     D:2: 1890 daAuts
  Lair:1: 1803 daAuts
     D:9: 1674 daAuts
  Lair:3: 1589 daAuts
     D:8: 1487 daAuts
    D:13: 1407 daAuts
  Lair:2: 1318 daAuts
     D:6: 1191 daAuts
     D:3: 1147 daAuts
